 Dungeon Crawl Stone Soup version 0.32-a0-931-g5a2cda0630 (webtiles) character file.

Game seed: 5916314654839541619

21532 Biggs the Mimic (level 12, -9/60 HPs)
             Began as a Vine Stalker Gladiator on Apr 13, 2024.
             Was a High Priest of Wu Jian.
             Shot with an arrow by a deep elf archer (10 damage)
             ... on level 12 of the Dungeon.
             The game lasted 00:51:34 (6830 turns).

Biggs the Mimic (Vine Stalker Gladiator)            Turns: 6830, Time: 00:51:35

Health: -9/60      AC:  7    Str: 18    XL:     12   Next: 91%
Magic:  0/13       EV: 14    Int:  8    God:    Wu Jian [*****.]
Gold:   559        SH:  4    Dex: 20    Spells: 11/11 levels left

rFire   + . .        n - +2 dagger (holy)
rCold   + . .        z - +0 buckler
rNeg    . . .        S - +0 troll leather armour
rPois   .            c - +0 helmet
rElec   .            F - +0 cloak {Will+}
rCorr   .            U - +0 pair of gloves
SInv    .            q - +0 pair of boots
Will    ++...        (no amulet)
Stlth   ++++         m - ring of protection from fire
HPRegen 1.90/turn    u - ring of protection from cold
MPRegen 0.13/turn

%: guardian spirit
@: spiked
A: fangs 3, regeneration 1, magic shield, antimagic bite, no potion heal 2
a: Renounce Religion, Wall Jump, Serpent's Lash, Heavenly Storm


You were on level 12 of the Dungeon.
You worshipped Wu Jian.
Wu Jian was extremely pleased with you.
You visited 3 branches of the dungeon, and saw 16 of its levels.
You also visited: Sewer.

You collected 559 gold pieces.

Inventory:

Hand Weapons
 a - a +0 rapier
 f - a +2 dagger of venom
 h - a +3 spectral dagger
 l - a +0 dagger of freezing
 n - a +2 dagger of holy wrath (weapon)
Missiles
 d - 2 throwing nets
 e - a javelin
 r - 6 curare-tipped darts (quivered)
 A - 11 poisoned darts
Armour
 b - a +0 leather armour
 c - a +0 helmet (worn)
 q - a +0 pair of boots (worn)
 x - the +1 leather armour "Luev" {Rampage Int+3 Dex+4}
   (You found it on level 6 of the Dungeon)

   Int+3:     It affects your intelligence (+3).
   Dex+4:     It affects your dexterity (+4).
   Rampage:   It bestows one free step when moving towards enemies.
 z - a +0 buckler (worn)
 E - +0 steam dragon scales
 F - a +0 cloak of willpower (worn)
 S - a +0 troll leather armour (worn)
 U - a +0 pair of gloves (worn)
 V - the +4 ring mail of Xofamapp {rN+}
   (You found it on level 11 of the Dungeon)

   rN+:       It protects you from negative energy.
Jewellery
 m - a ring of protection from fire (left hand)
 o - a +6 ring of strength
 u - a ring of protection from cold (right hand)
 R - a ring of protection from cold
 T - a ring of ice
 W - a ring of magical power
Wands
 y - a wand of charming (12)
 M - a wand of polymorph (6)
 P - a wand of flame (17)
Scrolls
 k - 3 scrolls of immolation
 s - a scroll of vulnerability
 G - a scroll of fear
 H - a scroll of amnesia
 I - 2 scrolls of silence
 K - 3 scrolls of fog
 L - a scroll of revelation
 N - 2 scrolls of poison
 X - a scroll of enchant weapon {unknown}
Potions
 g - a potion of mutation
 i - 6 potions of curing
 j - a potion of enlightenment {unknown}
 p - 2 potions of degeneration {unknown}
 t - a potion of might {unknown}
 v - 2 potions of cancellation {unknown}
 w - a potion of attraction {unknown}
 B - 3 potions of brilliance {unknown}
 C - 3 potions of heal wounds {unknown}
 J - a potion of resistance {unknown}
 O - 2 potions of haste {unknown}
 Q - a potion of invisibility {unknown}


   Skills:
 - Level 5.4 Fighting
 - Level 10.0 Short Blades
 - Level 1.7 Throwing
 - Level 6.0 Dodging
 - Level 10.0 Stealth
 + Level 13.3 Shapeshifting


You had 11 spell levels left.
You didn't know any spells.
Your spell library contained the following spells:

 Spells                   Type           Power      Damage    Failure   Level
 Magic Dart               Conj           0%         1d3       56%         1
 Searing Ray              Conj           0%         2d4       71%         2
 Fugue of the Fallen      Necr           0%         N/A       90%         3
 Ozocubu's Armour         Ice            0%         N/A       90%         3
 Tukima's Dance           Hex            0%         N/A       90%         3
 Dimensional Bullseye     Hex/Tloc       0%         N/A       100%        4
 Fulminant Prism          Conj/Alch      0%         3d5       100%        4
 Iskenderun's Mystic Bla Conj/Tloc 0%             2d3        (+2d1     100%        4
 Manifold Assault         Tloc           0%         N/A       100%        7


Dungeon Overview and Level Annotations

Branches:
Dungeon (12/15)            Temple (1/1) D:4            Lair (3/5) D:9
    Orc (0/2) D:12          Sewer (visited)
  Swamp: Lair:2-3    Shoals: Lair:2-3     Snake: Lair:2-3    Spider: Lair:2-3

Altars:
Cheibriados
Dithmenos
Fedhas
Gozag
Hepliaklqana
Kikubaaqudgha
Makhleb
Nemelex Xobeh
Okawaru
Qazlal
Ru
Trog
Vehumet
Wu Jian
Xom
Zin
The Shining One

Shops:
D:6 =   D:11 *   D:12 [?

Annotations:
D:8 Grum, Maurice


Innate Abilities, Weirdness & Mutations

You have razor-sharp teeth.
Your natural rate of healing is unusually fast.
When hurt, damage is shared between your health and your magic reserves.
Your bite disrupts and absorbs the magic of your enemies.
Potions cannot restore your health.


Message History

You see here 2 scrolls of fog.
K - 3 scrolls of fog (gained 2)
The manticore flicks its tail.
The volley of spikes misses you.
You hear a shout!
A sky beast comes into view.
The barbed spikes dig painfully into your body as you move.
You hear a shout!
A basilisk comes into view.
A deep elf archer comes into view. It is wielding a +0 short sword.
The barbed spikes dig painfully into your body as you move.
The barbed spikes dig painfully into your body as you move.
The sky beast is sucked into a shaft!
The shaft crumbles and collapses.
The barbed spikes dig painfully into your body as you move.
The barbed spikes dig painfully into your body as you move.
The barbed spikes dig painfully into your body as you move.
The barbed spikes dig painfully into your body as you move.
The manticore flicks its tail.
The volley of spikes skewers you!
More barbed spikes become lodged in your body.
The barbed spikes dig painfully into your body as you move.
The manticore flicks its tail.
The volley of spikes skewers you!
More barbed spikes become lodged in your body.
The barbed spikes dig painfully into your body as you move.
* * * LOW HITPOINT WARNING * * *
The barbed spikes dig painfully into your body as you move.
* * * LOW HITPOINT WARNING * * *
The barbed spikes dig painfully into your body as you move.
* * * LOW HITPOINT WARNING * * *
There is a stone staircase leading up here.
Unknown command.
The manticore flicks its tail.
The volley of spikes skewers you!
More barbed spikes become lodged in your body.
* * * LOW HITPOINT WARNING * * *
The deep elf archer unwields a +0 short sword.
The deep elf archer wields a +0 shortbow.
The deep elf archer shoots an arrow.
The arrow hits you!
You die...

#.....)...
###############..#####.#
###############..#**,#.#
###############..#*,*#.# *******
#######...####...#,*,.#. ,,,,,,*
######...(..He.#.###.##. *****.#*
######.........#.○H.l.ß.
*,.**#####........^.#.###e.## *
**,.,####...@.......#.#,*,,#, *
**#.####.#........∩#.#*,**,*
*******#.####.#.........#.#**,*,*
,,,,.,,#...#............#.#****,*
,,,,...###.......##.#..##.#,*,*,*
,,,,......#..#.#....##....#*,,,,,
,**,...###.....###..####..#,,***,
,,**#...##..###...........#*,*,*,
*,**#.......###............,,**,*


You could see a deep elf archer (repels missiles) and a manticore.

Vanquished Creatures
  Erolcha (D:9)
  A hydra (Lair:2)
  A two-headed ogre (D:12)
  2 boulder beetles
  An ugly thing (D:12)
  A manticore (D:11)
  3 black mambas
  6 cane toads
  6 komodo dragons
  A rime drake (D:9)
  3 trolls
  A polar bear (Lair:2)
  Prince Ribbit (D:7)
  A hornet (D:10)
  10 blink frogs
  A basilisk (Lair:1)
  4 wyverns
  30 yaks
  A steam dragon (D:8)
  An acid dragon (D:11)
  3 water moccasins
  5 ice beasts (D:9)
  An orc warrior (D:7)
  2 black bears
  13 wolves
  An ogre (D:6)
  2 centaurs
  A kobold brigand (D:8)
  9 bullfrogs
  3 scorpions (D:6)
  5 wights (D:9)
  13 killer bees
  3 electric eels (Lair:2)
  A howler monkey (D:5)
  2 bombardier beetles (D:5)
  A gnoll bouda (Lair:3)
  A jelly (D:2)
  4 orc priests
  2 hounds
  6 orc wizards
  6 hell rats (Lair:2)
  Robin (D:2)
  2 gnolls (D:7)
  12 adders
  7 dart slugs
  2 ribbon worms (D:2)
  22 orcs
  4 endoplasms
  11 giant cockroaches
  14 goblins
  7 hobgoblins
  4 jackals (D:1)
  7 kobolds
  2 quokkas (D:2)
  7 ball pythons
  5 bats
  13 frilled lizards
  2 orc skeletons (D:12)
  5 orc zombies (D:12)
  4 rats
291 creatures vanquished.

Notes
Turn   | Place    | Note
-------+----------+-------------------------------------------
     0 | D:1      | Biggs the Vine Stalker Gladiator began the quest for the
                  | Orb.
     0 | D:1      | Reached XP level 1. HP: 11/11 MP: 2/2
    44 | D:1      | Reached XP level 2. HP: 13/15 MP: 3/3
   257 | D:2      | Reached XP level 3. HP: 18/18 MP: 4/4
   312 | D:2      | Noticed Robin
   327 | D:2      | Killed Robin
   328 | D:2      | Reached XP level 4. HP: 23/23 MP: 2/5
   595 | D:2      | Reached skill level 5 in Short Blades
   678 | D:2      | Reached XP level 5. HP: 26/26 MP: 6/6
   679 | D:2      | Identified the +9 spear of Anxiety {drain, Str+5}
   701 | D:3      | Found a faded altar of an unknown god.
   716 | D:3      | Noticed a black bear
   880 | D:3      | Found a burning altar of Makhleb.
   880 | D:3      | Noticed an Executioner
   883 | D:3      | Noticed a hellwing
   883 | D:3      | Noticed a hellwing
  1143 | D:4      | Found a sparkling altar of Nemelex Xobeh.
  1192 | D:4      | Found a staircase to the Ecumenical Temple.
  1201 | Temple   | Entered the Ecumenical Temple
  1227 | Temple   | Became a worshipper of the Wu Jian Council
  1330 | D:5      | Entered Level 5 of the Dungeon
  1343 | D:5      | Reached XP level 6. HP: 30/30 MP: 7/7
  1749 | D:6      | Found Iklusmau's Jewellery Shoppe.
  1793 | D:6      | Noticed a water moccasin
  1801 | D:6      | Killed a water moccasin
  1802 | D:6      | Reached XP level 7. HP: 34/34 MP: 8/8
  1946 | D:6      | Found a glowing drain.
  1962 | Sewer    | Entered a sewer
  1979 | Sewer    | Reached * piety under Wu Jian
  2189 | Sewer    | Gained mutation: You have razor-sharp teeth. [Vine Stalker
                  | growth]
  2189 | Sewer    | Reached XP level 8. HP: 27/38 MP: 9/9
  2246 | D:6      | Reached ** piety under Wu Jian
  2312 | D:6      | Identified the +1 leather armour "Luev" {Rampage Int+3
                  | Dex+4}
  2473 | D:7      | Noticed Prince Ribbit
  2539 | D:7      | Killed Prince Ribbit
  2540 | D:7      | Reached skill level 10 in Short Blades
  2611 | D:7      | Noticed a yak
  2645 | D:7      | Noticed a yak
  2659 | D:7      | Noticed a yak
  2661 | D:7      | Noticed a yak
  2668 | D:7      | Killed a yak
  2669 | D:7      | Reached XP level 9. HP: 40/45 MP: 7/10
  2718 | D:7      | Reached skill level 5 in Fighting
  2829 | D:7      | Noticed a troll
  2850 | D:7      | Killed a troll
  2851 | D:7      | Reached skill level 5 in Stealth
  3120 | D:8      | Noticed Maurice
  3121 | D:8      | Noticed Grum
  3135 | D:8      | Maurice stole a phial of floods (inert)
  3136 | D:8      | Maurice stole 110 gold
  3144 | D:9      | Noticed Erolcha
  3145 | D:9      | Killed Erolcha
  3146 | D:9      | Reached XP level 10. HP: 26/51 MP: 5/11
  3169 | D:9      | Reached skill level 10 in Stealth
  3730 | D:9      | Reached *** piety under Wu Jian
  3840 | D:9      | Found a staircase to the Lair.
  4010 | D:9      | Reached skill level 5 in Dodging
  4107 | Lair:1   | Entered Level 1 of the Lair of Beasts
  4109 | Lair:1   | Reached skill level 1 in Shapeshifting
  4112 | Lair:1   | Reached skill level 2 in Shapeshifting
  4122 | Lair:1   | Reached skill level 3 in Shapeshifting
  4140 | Lair:1   | Noticed a black mamba
  4142 | Lair:1   | Killed a black mamba
  4143 | Lair:1   | Reached skill level 4 in Shapeshifting
  4334 | Lair:1   | Noticed a cane toad
  4364 | Lair:1   | Noticed an elephant
  4365 | Lair:1   | Noticed an elephant
  4366 | Lair:1   | Noticed an elephant
  4407 | Lair:1   | Reached XP level 11. HP: 38/55 MP: 8/12
  4431 | Lair:1   | Reached skill level 5 in Shapeshifting
  4444 | Lair:1   | Reached skill level 6 in Shapeshifting
  4636 | Lair:1   | Reached skill level 7 in Shapeshifting
  4685 | Lair:2   | Reached **** piety under Wu Jian
  4691 | Lair:2   | Noticed a four-headed hydra
  4716 | Lair:2   | Killed a four-headed hydra
  4723 | Lair:2   | Reached skill level 8 in Shapeshifting
  4724 | Lair:2   | Found a hazy altar of Hepliaklqana.
  4891 | Lair:2   | Noticed a boulder beetle
  4910 | Lair:2   | Killed a boulder beetle
  4911 | Lair:2   | Reached skill level 9 in Shapeshifting
  5079 | Lair:2   | Reached skill level 10 in Shapeshifting
  5123 | Lair:2   | Reached XP level 12. HP: 60/60 MP: 13/13
  5305 | Lair:3   | Reached skill level 11 in Shapeshifting
  5611 | Lair:3   | Noticed a death yak
  5614 | Lair:3   | Reached ***** piety under Wu Jian
  5614 | Lair:3   | Noticed a death yak
  5615 | Lair:3   | Reached skill level 12 in Shapeshifting
  5615 | Lair:3   | Noticed a death yak
  5632 | Lair:3   | Noticed a death yak
  5747 | D:10     | Entered Level 10 of the Dungeon
  5841 | D:10     | HP: 2/60 [something (3)]
  5845 | D:10     | Noticed a boulder beetle
  5907 | D:10     | Killed a boulder beetle
  6150 | D:10     | Noticed a tengu warrior
  6260 | D:11     | Identified the +4 ring mail of Xofamapp {rN+}
  6395 | D:11     | Found Guat's Overcharged Wands.
  6573 | D:11     | Reached skill level 13 in Shapeshifting
  6621 | D:12     | Found Otatimie's Magic Scroll Shoppe.
  6639 | D:12     | Found Vopramni's Antique Armour Shoppe.
  6728 | D:12     | Found a staircase to the Orcish Mines.
  6763 | D:12     | Noticed a two-headed ogre
  6799 | D:12     | Killed a two-headed ogre
  6830 | D:12     | HP: 1/60 [manticore/volley of spikes (13)]
  6830 | D:12     | Shot with an arrow by a deep elf archer

Illustrated notes

Levels and vault maps discovered:
D:1:      lightli_iron_boxes, layout_rooms, kennysheep_crisscross
D:2:      layout_loops_ring, nicolae_kite_square_tiling_tiny, uniq_robin
D:3:      layout_loops_ring, kennysheep_ying_yang, makhleb_altar_promises_db,
          serial_co_window_serial, co_window_corner_a,
          co_window_of_opportunity_a, co_window_corner_a, co_window_paths_a,
          co_window_of_opportunity_a, co_window_paths_b, co_window_corner_a,
          co_window_of_opportunity_b, co_window_corner_cb, co_window_broadway_b,
          co_window_of_opportunity_c, co_window_broadway_b, co_window_corner_b,
          co_window_paths_d, glass_columns_c, glass_columns_b,
          chequers_ecumenical_altar_simple, cheibrodos_gnoll_hut
D:4:      layout_basic, kennysheep_mini, minmay_temple_entry_trees,
          gammafunk_ghost_smash
D:5:      layout_layer_cave, lemuel_tele_altar
D:6:      layout_loops_corners, serial_shops, nicolae_diamond_shop,
          portal_sewer_entry_d, minmay_misc_feat_room, minmay_manual_mess,
          uniq_jeremiah
D:7:      layout_loops_corners, uniq_prince_ribbit1
D:8:      layout_loops_corners, lemuel_blue_sif_altar, uniq_maurice, uniq_grum
D:9:      layout_stronghold, hellmonk_lair_entry_icy, uniq_erolcha
D:10:     nzn_winding_woodlands_three_and_one
          [nzn_winding_woodlands_5x15_zeroes,
          nzn_winding_woodlands_5x15_river_crossing,
          nzn_winding_woodlands_5x15_pathside_ponds,
          nzn_winding_woodlands_center_garden], layout_basic, old_standard_altar
D:11:     layout_layer_cave, nicolae_shop_overcharged_wands
D:12:     layout_rooms, zombieorc2_lemuel, serial_shops, shop, shop,
          nicolae_square_shop, minmay_the_grid_2x2
          [minmay_the_grid_outer_diamond, minmay_the_grid_expand,
          minmay_the_grid_tiny_cups, minmay_the_grid_prize_trominoes]
Temple:   bh_familiar_temple
Lair:1:   layout_cave_pods
Lair:2:   layout_gridlike, basic_altar
Lair:3:   layout_regular_city, shoals_dummy_entry, spider_nest_entry_funnel_web,
          serial_bayou_lagoon_a, dreamdust_gnoll_shepherd, grunt_megastairs_4

Skill      XL: |  1  2  3  4  5  6  7  8  9 10 11 12 |
---------------+-------------------------------------+-----
Short Blades   | 3 4 5 6 7 8 10 | 10.0
Fighting       | 4 5 |  5.4
Stealth        | 9 10 | 10.0
Dodging        | 6 |  6.0
Shapeshifting  | 4 10 13 | 13.3
Throwing       | |  1.7

Action                     |  1- 3 |  4- 6 |  7- 9 | 10-12 || total
---------------------------+-------+-------+-------+-------++-------
  Melee: Rapier            |    41 |       |       |       ||    41
         Bite              |    21 |    55 |    90 |   330 ||   496
         Dagger            |    37 |   165 |   366 |   852 ||  1420
  Throw: Throwing net      |       |     1 |       |       ||     1
         Dart              |       |       |       |     1 ||     1
 Invoke: Serpent's Lash    |       |       |       |     1 ||     1
Ability: Lunge             |       |     4 |    26 |    53 ||    83
         Whirlwind         |       |       |    28 |   217 ||   245
  Evoke: Wand              |       |       |     5 |       ||     5
         Phial of floods   |       |       |     2 |       ||     2
    Use: Scroll            |       |     3 |     5 |    12 ||    20
         Potion            |       |       |     1 |       ||     1
   Stab: Sleeping          |       |     2 |     2 |    22 ||    26
         Held in net/web   |       |     1 |       |       ||     1
         Distracted        |       |       |     1 |     3 ||     4
 Armour: Leather armour    |    45 |    73 |   159 |   192 ||   469
         Troll leather arm |       |       |       |    44 ||    44
  Dodge: Dodged            |    48 |    80 |   102 |   241 ||   471
  Block: Buckler           |       |       |       |    81 ||    81

Table legend: (Time is in decaauts)
 A = Elapsed time spent in this place.
 B = Non-inter-level travel time spent in this place.
 C = Inter-level travel time spent in this place.
 D = Time resting spent in this place.
 E = Time spent auto-exploring this place.
 F = Levels seen in this place.
 G = Mean time per level.
                   A        B        C        D        E       F      G
               +--------+--------+--------+--------+--------+-----+--------+
         Total |   6546 |   6401 |    145 |    126 |      0 |  17 |  385.1 |
       Dungeon |   4696 |   4622 |     74 |     70 |      0 |  12 |  391.3 |
        Temple |     51 |      2 |     49 |      0 |      0 |   1 |   51.0 |
          Lair |   1530 |   1508 |     22 |     56 |      0 |   3 |  510.0 |
         Sewer |    268 |    268 |      0 |      0 |      0 |   1 |  268.0 |
               +--------+--------+--------+--------+--------+-----+--------+

Top non-repeatable levels by time:
  Lair:1: 577 daAuts
     D:9: 575 daAuts
  Lair:2: 568 daAuts
     D:8: 534 daAuts
     D:7: 501 daAuts
     D:2: 460 daAuts
    D:10: 446 daAuts
     D:6: 413 daAuts
     D:5: 403 daAuts
  Lair:3: 383 daAuts
    D:11: 379 daAuts
     D:3: 295 daAuts
   Sewer: 268 daAuts
     D:4: 250 daAuts
     D:1: 238 daAuts
